 Dungeon Crawl Stone Soup version 0.31-a0-1074-g0b22e4e0f1 (webtiles) character file.

Game seed: 17847612875129136759

203 tbh1313 the Digger (level 5, -7/28 HPs)
             Began as a Gargoyle Earth Elementalist on Dec 8, 2023.
             Killed by divine providence
             ... invoked by an orc priest
              (12 damage)
             ... on level 3 of the Dungeon.
             The game lasted 00:06:53 (2247 turns).

tbh1313 the Digger (Gargoyle Earth Elementalist)    Turns: 2247, Time: 00:06:53

Health: -7/28      AC: 11    Str: 11    XL:     5   Next: 81%
Magic:  2/8        EV: 16    Int: 18    God:
Gold:   1333       SH:  0    Dex: 10    Spells: 4/8 levels left

rFire   . . .        c - +0 dagger
rCold   . . .        (no shield)
rNeg    + . .        a - +1 robe
rPois   ∞            (no helmet)
rElec   +            (no cloak)
rCorr   .            (no gloves)
SInv    .            (no boots)
Will    .....        (no amulet)
Stlth   ++           j - +5 ring of evasion
HPRegen 0.24/turn    f - +4 ring of protection
MPRegen 0.11/turn

%: no passive effects
@: no status effects
A: sickness immunity, AC +4, negative energy resistance 1, electricity
resistance, torment resistance 1, petrification resistance
a: no special abilities


You were on level 3 of the Dungeon.
You visited 1 branch of the dungeon, and saw 3 of its levels.

You collected 1333 gold pieces.

Inventory:

Hand Weapons
 c - a +0 dagger (weapon)
Armour
 a - a +1 robe (worn)
Jewellery
 e - a ring of protection from cold
 f - a +4 ring of protection (right hand)
 j - a +5 ring of evasion (left hand)
Potions
 b - a potion of ambrosia {unknown}
 d - a potion of might {unknown}
 g - 2 potions of brilliance
 h - 2 potions of lignification {unknown}
 i - a potion of curing {unknown}


   Skills:
 + Level 1.2 Short Blades
 - Level 1.5 Dodging
 - Level 2.1 Stealth
 - Level 2.0 Spellcasting
 - Level 0.7 Transmutations
 + Level 7.3 Earth Magic


You had 4 spell levels left.
You knew the following spells:

 Your Spells              Type           Power      Damage    Failure   Level
a - Sandblast             Erth           56%        2d13      1%          1
b - Stone Arrow           Conj/Erth      28%        3d8       12%         3

Your spell library contained the following spells:

 Spells                   Type           Power      Damage    Failure   Level
 Passwall                 Tmut/Erth      13%        N/A       5%          2
 Petrify                  Tmut/Erth      16%        N/A       34%         4
 Brom's Barrelling Bould  Conj/Erth      14%        2d4       38%         4


Dungeon Overview and Level Annotations

Branches:
Dungeon (3/15)

Altars:

Shops:
D:2 :


Innate Abilities, Weirdness & Mutations

You are immune to sickness and miasma.
Your stone body is resilient. (AC +4)
You are immune to poison.
You resist negative energy. (rN+)
You are resistant to electric shocks. (rElec)
You are resistant to unholy torment.
You are immune to petrification.


Message History

There is a stone staircase leading up here.
An orc wizard comes into view. It is wielding a +0 dagger.
The blast of sand hits the orc wizard.
The orc wizard is heavily wounded.
The orc wizard shouts!
You hear a shout!
You hear an angry growl.
The blast of sand misses the orc wizard.
The blast of sand hits the orc wizard but does no damage.
The orc wizard is heavily wounded.
The orc wizard hits you but does no damage.
The orc wizard misses you.
The blast of sand hits the orc wizard!!
You kill the orc wizard!
Your Short Blades skill increases to level 1!
An orc priest comes into view. It is wielding a +0 short sword.
The blast of sand hits the orc priest!
The orc priest is severely wounded.
The orc priest calls down the wrath of Beogh upon you.
Beogh smites you!
You hear a shout!
You are too injured to fight recklessly!
Casting: Sandblast (safe; 1% risk of failure)
Confirm with . or Enter, or press ? or * to list all spells.
Aiming: Sandblast (safe; 1% risk of failure)
Press: ? - help, Shift-Dir - straight line, f/p - orc priest
Aim: an orc priest, wielding a +0 short sword (severely wounded, 83% to hit)
The blast of sand hits the orc priest.
The orc priest is severely wounded.
The orc priest invokes the aid of Beogh against you.
Beogh smites you!
* * * LOW HITPOINT WARNING * * *
Casting: Sandblast (safe; 1% risk of failure)
Confirm with . or Enter, or press ? or * to list all spells.
Aiming: Sandblast (safe; 1% risk of failure)
Press: ? - help, Shift-Dir - straight line, f/p - orc priest
Aim: an orc priest, wielding a +0 short sword (severely wounded, 83% to hit)
The blast of sand misses the orc priest.
An orc comes into view.
It is wielding a +0 dagger and wearing a +0 leather armour of poison resistance.
The orc priest calls down the wrath of Beogh upon you.
Beogh smites you!
You die...

##.###.# #.#.## ...>.
###...##.#######....####......
.......................'......
###...#.########....####......
##.##.# #.#.## ..... ####.#
#.### .... #.# #<# ... #.# #.#
'# #.# #@# # #######.# #.)oo.#
#.......# #####.# #.#######
#.# #.# ..# ###


You could see an orc priest and an orc.

Levels and vault maps discovered:
D:1:      minmay_arrival_doors, layout_basic, nicolae_figureground_pulse
D:2:      layout_basic, hellmonk_ecumenical_altar_crossroads,
          minmay_misc_feat_tower, nicolae_shop_vocational, uniq_robin
D:3:      layout_loops_corners

Notes
Turn   | Place    | Note
-------+----------+-------------------------------------------
     0 | D:1      | tbh1313 the Gargoyle Earth Elementalist began the quest for
                  | the Orb.
     0 | D:1      | Reached XP level 1. HP: 10/10 MP: 3/3
    39 | D:1      | Reached skill level 4 in Earth Magic
    41 | D:1      | Reached XP level 2. HP: 15/15 MP: 0/5
   677 | D:1      | Reached XP level 3. HP: 19/19 MP: 4/6
   681 | D:1      | Learned a level 3 spell: Stone Arrow
   818 | D:1      | Reached skill level 5 in Earth Magic
   995 | D:2      | Found a faded altar of an unknown god.
  1049 | D:2      | Noticed an ogre
  1053 | D:2      | Killed an ogre
  1054 | D:2      | Reached skill level 6 in Earth Magic
  1054 | D:2      | Reached XP level 4. HP: 24/24 MP: 3/7
  1054 | D:2      | Reached XP level 5. HP: 28/28 MP: 3/8
  1208 | D:2      | Noticed Robin
  1220 | D:2      | Identified a scroll of acquirement
  1220 | D:2      | Acquired 1268 gold pieces
  1228 | D:2      | Killed Robin
  1318 | D:2      | Reached skill level 7 in Earth Magic
  1645 | D:2      | Found Meodgh's Vocational Training.
  2024 | D:3      | Noticed a black bear
  2241 | D:3      | Reached skill level 1 in Short Blades
  2247 | D:3      | Killed from afar by an orc priest

Table legend: (Time is in decaauts)
 A = Elapsed time spent in this place.
 B = Non-inter-level travel time spent in this place.
 C = Inter-level travel time spent in this place.
 D = Time resting spent in this place.
 E = Time spent auto-exploring this place.
 F = Levels seen in this place.
 G = Mean time per level.
                   A        B        C        D        E       F      G
               +--------+--------+--------+--------+--------+-----+--------+
         Total |   2272 |   2208 |     64 |    137 |   1696 |   3 |  757.3 |
       Dungeon |   2272 |   2208 |     64 |    137 |   1696 |   3 |  757.3 |
               +--------+--------+--------+--------+--------+-----+--------+

Top non-repeatable levels by time:
     D:1: 965 daAuts
     D:2: 886 daAuts
     D:3: 420 daAuts

Table legend:
 A = Kills in this place as a percentage of kills in the entire game.
 B = Kills by you in this place as a percentage of kills by you in the entire game.
 C = Kills by friends in this place as a percentage of kills by friends in the entire game.
 D = Other kills in this place as a percentage of other kills in the entire game.
 E = Experience gained in this place as a percentage of experience gained in the entire game.
 F = Experience gained in this place divided by the number of levels of this place that you have seen.
                   A       B       C       D       E      F
               +-------+-------+-------+-------+-------+----------------------
         Total | 100.0 | 100.0 |   N/A |   N/A | 100.0 |  97.0
       Dungeon | 100.0 | 100.0 |   N/A |   N/A | 100.0 |  97.0
               +-------+-------+-------+-------+-------+----------------------

Action                     |  1- 3 |  4- 6 || total
---------------------------+-------+-------++-------
  Melee: Dagger            |    38 |    56 ||    94
   Cast: Sandblast         |    29 |    30 ||    59
    Use: Scroll            |       |     4 ||     4
         Potion            |       |     1 ||     1
   Stab: Sleeping          |     2 |       ||     2
 Armour: Robe              |    20 |    52 ||    72
  Dodge: Dodged            |    28 |    75 ||   103

Vanquished Creatures
  An ogre (D:2)
  An orc wizard (D:3)
  Robin (D:2)
  3 gnolls (D:2)
  3 dart slugs (D:1)
  3 endoplasms (D:1)
  A giant cockroach (D:2)
  12 goblins
  4 hobgoblins
  3 quokkas
  A ball python (D:1)
  5 bats
  6 frilled lizards
  5 kobolds
  5 rats
54 creatures vanquished.
